 Dungeon Crawl Stone Soup version 0.25-a0-578-gc91f01c39c (webtiles) character file.

Game seed: 4153782824833229235, levelgen mode: deterministic

126 Eurus the Conjurer (level 4, -8/31 HPs)
             Began as a Mummy Conjurer on Mar 3, 2020.
             Killed by divine providence
             ... invoked by an orc priest
              (15 damage)
             ... on level 3 of the Dungeon.
             The game lasted 00:05:28 (2882 turns).

Eurus the Conjurer (Mummy Conjurer)                 Turns: 2882, Time: 00:05:29

Health: -8/31      AC:  3    Str: 11    XL:     4   Next: 83%
Magic:  6/10       EV: 12    Int: 15    God:
Gold:   130        SH:  0    Dex: 12    Spells: 8/11 levels left

rFire    x . .     SeeInvis .   g - +4 hand axe (flame)
rCold    + . .     Gourm    .   (no shield)
rNeg     + + +     Faith    .   b - +1 robe {MR+}
rPois    ∞         Spirit   .   (no helmet)
rElec    .         Reflect  .   (no cloak)
rCorr    .         Harm     .   (no gloves)
MR       +....                  (no boots)
Stlth    ++........             (no amulet)
HPRegen  0.10/turn              (no ring)
MPRegen  0.12/turn              (no ring)

@: no status effects
A: no food or potions, fire vulnerability, cold resistance 1, negative energy
resistance 3, torment resistance, unbreathing
a: no special abilities


You were on level 3 of the Dungeon.
You were not hungry.

You visited 1 branch of the dungeon, and saw 3 of its levels.

You collected 130 gold pieces.

Inventory:

Hand Weapons
 g - a +4 hand axe of flaming (weapon)
Armour
 a - a +0 robe
 b - a +1 robe of magic resistance (worn)
Jewellery
 e - a +5 ring of evasion {unknown}
Scrolls
 c - 2 scrolls of remove curse {unknown}
 d - 3 scrolls of identify {unknown}
 f - a scroll of enchant weapon {unknown}
 h - a scroll of magic mapping {unknown}
 i - a scroll of fear {unknown}


   Skills:
 + Level 0.6 Fighting
 - Level 1.5 Dodging
 - Level 1.5 Stealth
 + Level 4.1 Spellcasting
 * Level 4.6 Conjurations


You had 8 spell levels left.
You knew the following spells:

 Your Spells              Type           Power        Failure   Level  Hunger
a - Magic Dart            Conj           ###.         2%          1    N/A
b - Searing Ray           Conj           ###...       4%          2    N/A

Your spell library contained the following spells:

 Spells                   Type           Power        Failure   Level  Hunger
 Dazzling Flash           Conj/Hex       #.....       22%         3    N/A
 Fulminant Prism          Conj/Hex       #.........   56%         4    N/A
 Iskenderun's Mystic Bla  Conj/Tloc      #.......     56%         4    N/A

Dungeon Overview and Level Annotations

Branches:
Dungeon (3/15)

Altars:


Innate Abilities, Weirdness & Mutations

You do not eat or drink.
Your flesh is vulnerable to fire.
You are immune to poison.
Your flesh is cold resistant. (rC+)
You are immune to negative energy. (rN+++)
You are immune to unholy pain and torment.
You can survive without breathing.


Message History

An orc comes into view.
The searing ray hits the orc priest.
The orc priest is heavily wounded.
The orc priest invokes the aid of Beogh against you.
Beogh smites you!
The searing ray misses the orc priest.
You finish channeling your searing ray.
The orc priest enters a dispersal trap!
The orc blinks!
You blink.
The orc priest blinks!
d - 3 scrolls labeled TIZETT GEHEPP (gained 1)
An orc comes into view. It is wielding a +0 club.
The orc enters a dispersal trap!
You blink.
The orc blinks!
The orc priest miscasts a cantrip.
The orc priest casts a cantrip, but nothing happens.
There is a stone staircase leading up here.
The orc priest mumbles some strange prayers to Beogh against you.
Beogh smites you!
* * * LOW HITPOINT WARNING * * *
The orc priest invokes the aid of Beogh against you.
Beogh smites you!
You die...

######.####.....##
#.<......##......#
#........##......#
#........#.†# ##
#####.........†.# ..
....#........##)# .#####
.............#..#####......
.............#)..).........
................@........#
.>.†.).......##..........#
......######.##..........##
......######.##o.....$.....
.........>..§.....!......##
......######^#..o......).#
......# #.#...........#
......# #.#.......(...#
......# ..............#


You could see an orc priest and an orc.

Vanquished Creatures
  Jessica (D:2)
  Terence (D:2)
  2 adders
  3 worms
  A dart slug (D:1)
  An orc (D:3)
  4 giant cockroaches
  7 goblins
  8 hobgoblins
  A ball python (D:2)
  6 bats
  2 frilled lizards
  5 kobolds
  5 rats
47 creatures vanquished.

Notes
Turn   | Place    | Note
-------+----------+-------------------------------------------
     0 | D:1      | Eurus the Mummy Conjurer began the quest for the Orb.
     0 | D:1      | Reached XP level 1. HP: 13/13 MP: 4/4
   359 | D:1      | Reached XP level 2. HP: 15/19 MP: 1/6
  1303 | D:1      | Learned a level 2 spell: Searing Ray
  1397 | D:2      | Reached XP level 3. HP: 16/24 MP: 5/7
  1752 | D:2      | Noticed Terence
  1756 | D:2      | Noticed Jessica
  1780 | D:2      | Killed Terence
  1941 | D:2      | Killed Jessica
  1941 | D:2      | Reached XP level 4. HP: 30/30 MP: 6/9
  2882 | D:3      | Killed from afar by an orc priest

Levels and vault maps discovered:
D:1:      wander_arrival_peaceful_grave, layout_basic
D:2:      layout_loops_corners, dk_noncrumbling_4, uniq_jessica, uniq_terence
D:3:      layout_rooms, grunt_temple_overflow_open

Skill      XL: |  1  2  3  4 |
---------------+-------------+-----
Spellcasting   | 3 4 |  4.1
Conjurations   | 4 |  4.6
Fighting       | |  0.6
Dodging        | |  1.5
Stealth        | |  1.5

Action                   |  1- 3 |  4- 6 || total
-------------------------+-------+-------++-------
Melee: Dagger            |    25 |       ||    25
       Hand axe          |       |    17 ||    17
 Cast: Magic Dart        |    58 |    11 ||    69
       Searing Ray       |     4 |     6 ||    10
Armor: Robe              |    15 |     1 ||    16
Dodge: Dodged            |    31 |    16 ||    47

Table legend:
 A = Non-vault XP
 B = Vault XP
 C = Vault XP percentage of total XP
 D = Non-vault monster count
 E = Vault monster count
 F = Vault count percentage of total count
                 A         B        C        D         E       F
            +---------+---------+-------+---------+---------+-------
      Total |     107 |      73 |  40.6 |      45 |       2 |   4.3
            +---------+---------+-------+---------+---------+-------
        D:1 |      30 |       0 |   0.0 |      17 |       0 |   0.0
        D:2 |      52 |      73 |  58.4 |      22 |       2 |   8.3
        D:3 |      25 |       0 |   0.0 |       6 |       0 |   0.0
            +---------+---------+-------+---------+---------+-------
